 Dungeon Crawl Stone Soup version 0.30-a0-715-gdb4ae3ece1 (webtiles) character file.

Game seed: 4523932298413754837

78 Azfaa the Firebug (level 4, -1/31 HPs)
             Began as a Human Fire Elementalist on Jan 23, 2023.
             Killed from afar by an orc wizard (2 damage)
             ... with a magic dart
             ... on level 4 of the Dungeon.
             The game lasted 00:07:24 (793 turns).

Azfaa the Firebug (Human Fire Elementalist)          Turns: 793, Time: 00:07:24

Health: -1/31      AC:  7    Str:  9    XL:     4   Next: 61%
Magic:  3/7        EV: 12    Int: 17    God:
Gold:   18         SH:  0    Dex: 13    Spells: 1/7 levels left

rFire   x . .      SeeInvis .    s - +0 rapier
rCold   + . .      Faith    .    (no shield)
rNeg    . . .      Spirit   .    a - +0 robe
rPois   .          Reflect  .    (no helmet)
rElec   .          Harm     .    (no cloak)
rCorr   .          Rampage  .    (no gloves)
Will    .....                    e - +0 pair of boots
Stlth   +                        (no amulet)
HPRegen 0.25/turn                f - +4 ring of protection
MPRegen 0.10/turn                q - ring of ice

@: confused, mighty
A: no striking features
a: no special abilities


You were on level 4 of the Dungeon.
You visited 1 branch of the dungeon, and saw 3 of its levels.

You collected 18 gold pieces.

Inventory:

Hand Weapons
 i - a +0 dagger
 j - a +0 hand axe
 l - a +0 dagger
 n - a +0 short sword
 o - a +0 club
 s - a +0 rapier (weapon)
 t - a +0 whip
 y - a +0 spear
Missiles
 c - 18 stones
 g - 8 javelins
Armour
 a - a +0 robe (worn)
 d - a +0 scale mail
 e - a +0 pair of boots (worn)
 w - a +0 leather armour
Jewellery
 f - a +4 ring of protection (left hand)
 q - a ring of ice (right hand)
Scrolls
 m - a scroll of identify
 p - a scroll of noise
 u - a scroll of silence {unknown}
 v - a scroll of vulnerability {unknown}
Potions
 b - a potion of magic
 h - a potion of lignification
 r - a potion of berserk rage {unknown}
 x - a potion of mutation {unknown}


   Skills:
 + Level 0.4 Fighting
 + Level 1.2 Short Blades
 + Level 2.8 Dodging
 + Level 2.2 Stealth
 + Level 0.8 Unarmed Combat
 + Level 2.2 Spellcasting
 + Level 1.2 Conjurations
 + Level 3.6 Fire Magic


You had one spell level left.
You knew the following spells:

 Your Spells              Type           Power      Damage    Failure   Level
a - Foxfire               Conj/Fire      40%        2x1d6     7%          1
b - Scorch                Fire           28%        2d6       6%          2
c - Inner Flame           Hex/Fire       8%         N/A       26%         3

Your spell library contained the following spells:

 Spells                   Type           Power      Damage    Failure   Level
 Kindle Blastsparks       Fire/Tloc/Air  12%        2d11      34%         3
 Flame Wave               Conj/Fire      10%        2d6       56%         4


Dungeon Overview and Level Annotations

Branches:
Dungeon (4/15)
 Temple: D:4-7

Altars:
Yredelemnul

Shops:
D:1 (

Annotations:
D:2 Natasha


Message History

A magic dart appears from out of thin air!
The magic dart hits you.
You're too confused to cast spells.
You're too confused to cast spells.
The orc attacks as you move away! The orc barely misses you.
The quokka attacks as you move away!
The quokka bites you but does no damage.
The quokka twitches its whiskers.
The quokka closely misses you. The orc hits you with a +0 hand axe.
The quokka misses you. The quokka attacks as you move away!
The quokka closely misses you.
You're too confused to move!
The orc completely misses you. The quokka barely misses you.
The orc barely misses you.
The quokka bites you but does no damage.
You're too confused to move!
The orc hits you with a +0 hand axe.
You hear some strange, mumbled words.
You are more confused.
The quokka closely misses you. The quokka attacks as you move away!
The quokka bites you.
You hear some strange, mumbled words.
A magic dart appears from out of thin air!
The magic dart hits you.
* * * LOW HITPOINT WARNING * * *
The quokka misses you.
You can't go up here!
You're too confused to cast spells.
You're too confused to cast spells.
Something hits you but does no damage.
You bump into the rock wall.
The quokka bites you but does no damage.
It was a potion of might.
You feel very mighty all of a sudden. Something hits you.
* * * LOW HITPOINT WARNING * * *
The quokka bites you but does no damage.
You hear some strange, mumbled words.
A magic dart appears from out of thin air!
The magic dart hits you.
You die...

.. .... .. ##### ...# ..
########...###+## ...###
..
......##...##...##......
..
......##...##...........
......).................
......##................
......##.......{@.?.....
......##..>##.ro##...###
....oo############ ###
.....r............
......o...........
.........>.......g
#.....##...##...#
##+#####...#######
#...#.....#


You could see an orc and a quokka.

Vanquished Creatures
  A hound zombie (D:4)
  A howler monkey zombie (D:4)
  3 adder zombies (D:4)
  2 dart slugs (D:1)
  3 orcs (D:4)
  An endoplasm (D:1)
  3 goblins
  5 hobgoblins
  6 kobolds
  4 ball pythons
  2 bats (D:1)
  3 frilled lizards (D:1)
  4 rats
38 creatures vanquished.

Vanquished Creatures (others)
  46 foxfires
46 creatures vanquished.

Grand Total: 84 creatures vanquished

Notes
Turn   | Place    | Note
-------+----------+-------------------------------------------
     0 | D:1      | Azfaa the Human Fire Elementalist began the quest for the
                  | Orb.
     0 | D:1      | Reached XP level 1. HP: 13/13 MP: 3/3
   119 | D:1      | Reached XP level 2. HP: 17/19 MP: 0/5
   298 | D:1      | Reached XP level 3. HP: 24/24 MP: 2/6
   427 | D:1      | Found Poungy's Antique Weapon Boutique.
   574 | D:2      | Noticed Natasha
   576 | D:2      | You fall into a shaft and drop 2 floors!
   666 | D:4      | Found a basalt altar of Yredelemnul.
   677 | D:4      | Reached XP level 4. HP: 30/31 MP: 3/7
   697 | D:4      | Reached skill level 1 in Short Blades
   723 | D:4      | Learned a level 2 spell: Scorch
   727 | D:4      | Learned a level 3 spell: Inner Flame
   792 | D:4      | HP: 1/31 [something (4)]
   793 | D:4      | Killed from afar by an orc wizard

Illustrated notes

Levels and vault maps discovered:
D:1:      dpeg_arrival_rhombi, layout_rooms, serial_shops, nicolae_shop_trees
D:2:      layout_basic, serial_shops, nicolae_shop_crystal,
          shapermc_ecumenical_altar_hornbeckon, uniq_natasha
D:4:      layout_gridville, nicolae_yredelemnul_corpse_copse, kennysheep_mini,
          ebering_ghost_sewer_f

Skill      XL: |  1  2  3  4 |
---------------+-------------+-----
Short Blades   | 1 |  1.2
Fighting       | |  0.4
Dodging        | |  2.8
Stealth        | |  2.2
Unarmed Combat | |  0.8
Spellcasting   | |  2.2
Conjurations   | |  1.2
Fire Magic     | |  3.6

Action                     |  1- 3 |  4- 6 || total
---------------------------+-------+-------++-------
  Melee: Unarmed           |    64 |       ||    64
         Short sword       |    32 |       ||    32
         Rapier            |    24 |    33 ||    57
         Punch             |     1 |     1 ||     2
   Cast: Foxfire           |    34 |     1 ||    35
         Scorch            |       |     4 ||     4
    Use: Scroll            |     3 |       ||     3
         Potion            |       |     1 ||     1
 Armour: Robe              |    87 |    26 ||   113
  Dodge: Dodged            |   140 |    39 ||   179

Table legend: (Time is in decaauts)
 A = Elapsed time spent in this place.
 B = Non-inter-level travel time spent in this place.
 C = Inter-level travel time spent in this place.
 D = Time resting spent in this place.
 E = Time spent auto-exploring this place.
 F = Levels seen in this place.
 G = Mean time per level.
                   A        B        C        D        E       F      G
               +--------+--------+--------+--------+--------+-----+--------+
         Total |    800 |    800 |      0 |      0 |      0 |   3 |  266.7 |
       Dungeon |    800 |    800 |      0 |      0 |      0 |   3 |  266.7 |
               +--------+--------+--------+--------+--------+-----+--------+

Top non-repeatable levels by time:
     D:1: 548 daAuts
     D:4: 225 daAuts
     D:2: 26 daAuts
